 Dungeon Crawl Stone Soup version 0.13-a0-2417-g818e1a6 (webtiles) character file.

369 M4edhros the Sneak (level 5, -2/34 HPs)
             Began as an Octopode Artificer on July 16, 2013.
             Slain by a soldier ant (11 damage)
             ... while paralysed by a potion of paralysis
             ... on Level 4 of the Dungeon.
             The game lasted 00:04:30 (2440 turns).

M4edhros the Sneak (Octopode Artificer)             Turns: 2440, Time: 00:04:30

HP  -2/34        AC  6     Str 10      XL: 5   Next: 87%
MP   7/7         EV  2     Int 15 (16) God:
Gold 159         SH  0     Dex 12      Spells:  1 memorised,  0 levels left

Res.Fire  : . . .   See Invis. : .   o - +0 short sword (protect)
Res.Cold  : . . .   Warding    : .   (no shield)
Life Prot.: . . .   Conserve   : .   (helmet restricted)
Res.Poison: .       Res.Corr.  : .   (no amulet)
Res.Elec. : .       Clarity    : .   j - ring of protection from magic {unknown}
Sust.Abil.: + .     Spirit.Shd : .   e - ring of sustain abilities {unknown}
Res.Mut.  : .       Stasis     : .   (no ring)
Res.Rott. : .       Flight     : .   (no ring)
Saprovore : . . .                    (no ring)
                                     (no ring)
                                     (no ring)
                                     (no ring)

@: paralysed, quite poisoned, hasted, somewhat resistant to hostile
enchantments, very stealthy
A: almost no armour, amphibious, 8 rings, constrict 8, camouflage 1, AC +1
a: no special abilities


You were on level 4 of the Dungeon.
You were not hungry.

You visited 1 branch of the dungeon, and saw 5 of its levels.

You collected 139 gold pieces.

Inventory:

Hand weapons
 f - a +2,+2 quarterstaff of chaos
 o - a +0,+0 short sword of protection (weapon)
 t - a +1,+2 dwarven dagger of speed (quivered)
Magical devices
 b - a wand of flame (10)
 c - a wand of enslavement (11)
 d - a wand of random effects (14)
Comestibles
 w - a pear
Scrolls
 a - a scroll of curse jewellery {unknown}
 g - 4 scrolls of remove curse
 k - a scroll of fog {unknown}
 m - 2 scrolls of teleportation
 n - a scroll of amnesia {unknown}
 r - a scroll of curse armour {unknown}
 v - a scroll of recharging
Jewellery
 e - a ring of sustain abilities (right tentacle) {unknown}
 j - a ring of protection from magic (left tentacle) {unknown}
Potions
 h - 2 potions of speed
 p - a potion of heal wounds {unknown}
 q - a potion of curing {unknown}
 s - a potion of confusion {unknown}
 u - a potion of brilliance {unknown}
 x - a potion of cure mutation {unknown}
Books
 y - a book of the Earth

   Spells                             Type                      Level
   *Dig                               Earth                        4
   Leda's Liquefaction                Hexes/Earth                  4
   Bolt of Magma                      Conjuration/Fire/Earth       5
   Statue Form                        Transmutation/Earth          6
   Iron Shot                          Conjuration/Earth            6
   Shatter                            Earth                        9


   Skills:
 - Level 1.0 Fighting
 + Level 3.1 Short Blades
 - Level 2.0 Dodging
 * Level 6.6 Stealth
 - Level 2.1 Traps
 + Level 0.0 Spellcasting
 + Level 0.0 Earth Magic
 - Level 3.2 Evocations


You couldn't memorise any spells.
You knew the following spells:

 Your Spells              Type           Power        Failure   Level  Hunger
a - Dig                   Erth           #.......     100%        4    #####..


Dungeon Overview and Level Annotations

Branches:
Dungeon (5/27)
 Temple: D:4-7

Altars:
Makhleb
Trog
Zin
the Shining One

Annotations
D:4 Dowan, Duvessa
D:5 Prince Ribbit, Sigmund


Innate Abilities, Weirdness & Mutations

You cannot wear most types of armour.
You are amphibious.
You can wear up to eight rings at the same time.
You can use your tentacles to constrict many enemies at once.
Your skin changes colour to match your surroundings (Stlth).
Your rubbery body absorbs attacks (AC +1).


Message History

You feel sick.
You feel sick.
You feel sick.
You feel sick.
You feel a little better.
Drink which item? (? for menu, Esc to quit)
There was something very wrong with that liquid!
You feel dopey.
It was a potion of degeneration.
You feel sick.
Drink which item? (? for menu, Esc to quit)
You suddenly lose the ability to move!
It was a potion of paralysis.
* * * LOW HITPOINT WARNING * * *
You feel sick.
* * * LOW HITPOINT WARNING * * *
You feel sick.
The soldier ant stings you but does no damage.
* * * LOW HITPOINT WARNING * * *
You feel sick. The soldier ant stings you!
You die...

###############################
.............a@....)...........
...............################
#############.# #.# #.#
################.################
.......>.........................
......#############.............>
####..# #..............


You could see a soldier ant.

Vanquished Creatures
  A hound (D:4)
  Crazy Yiuf (D:4)
  A worker ant (D:4)
  Jessica (D:2)
  4 adders
  2 giant geckos
  6 orcs (D:4)
  A ball python (D:4)
  A bat skeleton (D:4)
  3 giant cockroaches (D:1)
  4 hobgoblins
  8 kobolds
  A quokka (D:2)
  14 bats
  A giant newt (D:2)
  7 goblins
  10 rats
66 creatures vanquished.

Vanquished Creatures (collateral kills)
  An orc (D:4)
1 creature vanquished.

Vanquished Creatures (others)
  4 toadstools (D:1)
4 creatures vanquished.

Grand Total: 71 creatures vanquished

Notes
Turn   | Place    | Note
--------------------------------------------------------------
     0 | D:1      | M4edhros, the Octopode Artificer, began the quest for the Orb.
     0 | D:1      | Reached XP level 1. HP: 14/14 MP: 1/1
   122 | D:1      | Reached XP level 2. HP: 17/19 MP: 3/3
   527 | D:1      | Found a glowing golden altar of the Shining One.
   711 | D:2      | Found a bloodstained altar of Trog.
   795 | D:2      | Reached XP level 3. HP: 18/24 MP: 4/4
   821 | D:2      | Found a burning altar of Makhleb.
   848 | D:2      | Noticed Jessica
   859 | D:2      | Killed Jessica
   859 | D:2      | Reached skill level 4 in Stealth
  1058 | D:2      | Reached XP level 4. HP: 29/29 MP: 6/6
  1096 | D:2      | Reached skill level 5 in Stealth
  1570 | D:4      | Reached skill level 6 in Stealth
  1570 | D:4      | Reached XP level 5. HP: 23/34 MP: 7/7
  1707 | D:5      | Entered Level 5 of the Dungeon
  1713 | D:5      | Noticed Prince Ribbit
  1714 | D:5      | Noticed Sigmund
  1849 | D:4      | Noticed an ogre
  1858 | D:4      | Noticed a soldier ant
  1858 | D:4      | an ogre changed into a soldier ant
  1919 | D:4      | Noticed a slave
  1919 | D:4      | Noticed a slave
  2180 | D:4      | Noticed Crazy Yiuf
  2196 | D:4      | Killed Crazy Yiuf
  2235 | D:4      | Noticed Duvessa
  2235 | D:4      | Noticed Dowan
  2247 | D:4      | Found a glowing silver altar of Zin.
  2247 | D:4      | Noticed an angel
  2322 | D:4      | Learned a level 4 spell: Dig
  2438 | D:4      | Paralysed by a potion of paralysis for 7 turns
  2440 | D:4      | Slain by a soldier ant

Action                   |  1- 3 |  4- 6 || total
-------------------------+-------+-------++-------
Melee: Short sword       |    82 |    72 ||   154
       Dagger            |       |    33 ||    33
Evoke: Wand              |       |    10 ||    10
  Use: Scroll            |       |     3 ||     3
       Potion            |       |     3 ||     3
 Stab: Sleeping          |     6 |     3 ||     9
